 Dungeon Crawl Stone Soup version 0.25.0-9-g26727b657a (webtiles) character file.

Game seed: 10004361202495259255

2560298 Ge0ff the Apostle (level 27, 268/268 HPs)
             Began as a Hill Orc Enchanter on June 18, 2020.
             Was a High Priest of Beogh.
             Escaped with the Orb
             ... and 5 runes on June 19, 2020!
             The game lasted 04:38:44 (103521 turns).

Ge0ff the Apostle (Hill Orc Enchanter)            Turns: 103521, Time: 04:38:45

Health: 268/268    AC: 44    Str: 21      XL:     27
Magic:  30/40      EV: 10    Int: 12 (13) God:    Beogh [*****.]
Gold:   1259       SH: 19    Dex: 12      Spells: 39/51 levels left

rFire    + + +     SeeInvis .   a - +9 broad axe (elec)
rCold    + . .     Gourm    .   X - +5 kite shield {rPois}
rNeg     + + .     Faith    .   h - +4 gold dragon scales
rPois    +         Spirit   +   (helmet restricted)
rElec    .         Reflect  .   A - +2 cloak {MR+}
rCorr    .         Harm     .   l - +2 pair of gloves {archery}
MR       ++++.                  L - +2 pair of boots {Fly}
Stlth    ..........             D - amulet of guardian spirit
HPRegen  0.54/turn              w - ring "Pobeuhyr" {rF+ rN++ Int-5 Slay+2 Stlth+, =R}
MPRegen  0.27/turn              G - ring "Zoczayga" {rF+ AC+4 Int+3}

@: no status effects
A: walk on water, antennae 1, claws 1, rugged brown scales 1, magic resistance
1, weak 1
0: Orb of Zot
}: 5/15 runes: serpentine, barnacled, slimy, silver, abyssal
a: Smiting, Recall Orcish Followers, Give Item to Named Follower, Renounce
Religion, Evoke Flight


You escaped.
You worshipped Beogh.
Beogh was extremely pleased with you.
You were not hungry.

You visited 12 branches of the dungeon, and saw 58 of its levels.
You visited the Abyss 5 times.
You also visited: Trove, Gauntlet and Ice Cave.

You collected 8097 gold pieces.
You spent 6838 gold pieces at shops.

Inventory:

Hand Weapons
 a - a +9 broad axe of electrocution (weapon)
 u - a +1 vampiric demon whip
Missiles
 g - 23 throwing nets {=f}
 v - 17 curare-tipped darts {=f}
 x - 84 boomerangs (quivered)
Armour
 h - +4 gold dragon scales (worn)
 l - a +2 pair of gloves of archery (worn)
 A - a +2 cloak of magic resistance (worn)
 L - a +2 pair of boots of flying (worn)
 Q - a +2 helmet of see invisible
 X - a +5 kite shield of poison resistance (worn)
Jewellery
 f - the ring of Keshrauv {rElec rPois rN+ Str+2 Dex-4}
   (You found it on level 3 of the Crypt)

   [ring of positive energy]

   It affects your strength (+2).
   It affects your dexterity (-4).
   It insulates you from electricity.
   It protects you from poison.
   It protects you from negative energy.
 w - the ring "Pobeuhyr" (left hand) {rF+ rN++ Int-5 Slay+2 Stlth+, =R}
   (You took it off a deep elf archer on level 3 of the Elven Halls)

   [ring of stealth]

   It affects your intelligence (-5).
   It affects your accuracy and damage with ranged weapons and melee attacks
   (+2).
   It protects you from fire.
   It greatly protects you from negative energy.
   It makes you more stealthy.
 D - an amulet of guardian spirit (around neck)
 G - the ring "Zoczayga" (right hand) {rF+ AC+4 Int+3}
   (You acquired it on level 3 of the Depths)

   [ring of protection]

   It affects your AC (+4).
   It affects your intelligence (+3).
   It protects you from fire.
Wands
 c - a wand of clouds (6)
 d - a wand of digging (11)
 e - a wand of enslavement (2)
 j - a wand of acid (37)
 k - a wand of iceblast (57)
 p - a wand of paralysis (11)
 s - a wand of disintegration (41)
 P - a wand of polymorph (20)
Scrolls
 i - 13 scrolls of identify
 y - 3 scrolls of immolation
 B - 5 scrolls of blinking
 E - 7 scrolls of fear
 F - 11 scrolls of fog
 S - 4 scrolls of summoning
 T - 25 scrolls of teleportation
 V - 2 scrolls of vulnerability
Potions
 q - 16 potions of curing
 z - 3 potions of brilliance
 H - 3 potions of haste {!q}
 I - 4 potions of invisibility
 K - 8 potions of magic {!q}
 M - 9 potions of might
 N - 9 potions of cancellation {!q}
 R - 4 potions of resistance
 W - 9 potions of heal wounds {!q}
 Y - 7 potions of mutation
 Z - 6 potions of berserk rage {!q}
Miscellaneous
 n - a phial of floods
 t - a tin of tremorstones (3/3)
 O - 10 boxes of beasts
 U - 7 phantom mirrors
Comestibles
 r - 92 rations


   Skills:
 - Level 24.0 Fighting
   Level 1.0 Short Blades
 - Level 24.0 Axes
 - Level 6.0 Throwing
 + Level 20.6 Armour
 + Level 12.7 Dodging
 - Level 3.0 Stealth
 - Level 15.0 Shields
 + Level 12.6 Spellcasting
 + Level 13.1 Conjurations
 - Level 3.0 Hexes
 - Level 10.0 Translocations
 + Level 12.2 Transmutations
 - Level 1.0 Ice Magic
 - Level 12.0 Earth Magic
 * Level 26.5 Invocations
 + Level 15.8 Evocations


You had 39 spell levels left.
You knew the following spells:

 Your Spells              Type           Power        Failure   Level  Hunger
c - Blink                 Tloc           N/A          4%          2    None
e - Irradiate             Conj/Tmut      #####.....   30%         5    #####..
g - Apportation           Tloc           ####..       3%          1    None
k - Ensorcelled Hibernat  Hex/Ice        ##....       80%         2    None
w - Passwall              Tmut/Erth      #####...     1%          2    None

Your spell library contained the following spells:

 Spells                   Type           Power        Failure   Level  Hunger
 Magic Dart               Conj           ####         1%          1    None
 Sandblast                Erth           #####.       1%          1    None
 Stone Arrow              Conj/Erth      #####.       3%          3    None
 Gell's Gravitas          Tloc           ####......   10%         3    None
 Lesser Beckoning         Tloc           ####......   10%         3    None
 Foxfire                  Conj/Fire      ###.         14%         1    None
 Shock                    Conj/Air       ###.         14%         1    None
 Petrify                  Tmut/Erth      #####...     14%         4    ###....
 Sting                    Tmut/Pois      ###.         16%         1    None
 Dazzling Flash           Conj/Hex       ####..       22%         3    None
 Shroud of Golubria       Chrm/Tloc      ###...       36%         2    None
 Conjure Flame            Conj/Fire      ###.....     38%         3    None
 Portal Projectile        Hex/Tloc       ###...       38%         3    None
 Static Discharge         Conj/Air       ###.....     38%         3    None
 Corona                   Hex            ##.....      52%         1    None
 Recall                   Summ/Tloc      N/A          61%         3    None
 Slow                     Hex            ##......     65%         2    None
 Leda's Liquefaction      Hex/Erth       ####......   67%         4    ###....
 Mephitic Cloud           Conj/Pois/Air  ###.....     69%         3    None
 Hailstorm                Conj/Ice       ###.....     73%         4    ###....
 Ignite Poison            Fire/Tmut/Pois ###.....     75%         3    None
 Ice Form                 Ice/Tmut       ###.....     78%         4    ###....
 Freeze                   Ice            #...         80%         1    None
 Confusing Touch          Hex            ##......     87%         3    None
 Tukima's Dance           Hex            ##......     87%         3    None
 Bolt of Magma            Conj/Fire/Erth ####......   87%         5    #####..
 Iron Shot                Conj/Erth      #####.....   87%         6    ######.
 Infusion                 Chrm           #...         90%         1    None
 Summon Butterflies       Summ           #.......     90%         1    None
 Summon Small Mammal      Summ           #...         90%         1    None
 Hydra Form               Tmut           #####.....   90%         6    ######.
 Statue Form              Tmut/Erth      #####....    91%         6    ######.
 Yara's Violent Unravell  Hex/Tmut       ####......   94%         5    #####..
 Call Imp                 Summ           #.......     97%         2    None
 Corpse Rot               Necr/Air       N/A          97%         2    None
 Poisonous Vapours        Pois/Air       #.....       97%         2    None
 Song of Slaying          Chrm           #.......     97%         2    None
 Sublimation of Blood     Necr           #.........   97%         2    None
 Swiftness                Chrm/Air       #.......     97%         2    None
 Inner Flame              Hex/Fire       ##......     97%         3    None
 Summon Guardian Golem    Hex/Summ       ##......     97%         3    None
 Fireball                 Conj/Fire      ###.......   98%         5    #####..
 Iskenderun's Battlesphe  Conj/Chrm      ###.....     98%         5    #####..
 Lightning Bolt           Conj/Air       ###.......   98%         5    #####..
 Call Canine Familiar     Summ           #.......     99%         3    None
 Frozen Ramparts          Ice            #.....       99%         3    None
 Ozocubu's Armour         Chrm/Ice       #.......     99%         3    None
 Vampiric Draining        Necr           #.........   99%         3    None
 Cause Fear               Hex            ##........   99%         4    ###....
 Alistair's Intoxication  Tmut/Pois      ###.....     99%         5    #####..
 Borgnjor's Vile Clutch   Necr/Erth      ###.......   99%         5    #####..
 Airstrike                Air            #.........   100%        4    ###....
 Animate Dead             Necr           N/A          100%        4    ###....
 Dispel Undead            Necr           #.......     100%        4    ###....
 Olgreb's Toxic Radiance  Pois           #.......     100%        4    ###....
 Summon Ice Beast         Ice/Summ       #.......     100%        4    ###....
 Summon Lightning Spire   Summ/Air       #.......     100%        4    ###....
 Agony                    Necr           #.......     100%        5    #####..
 Aura of Abjuration       Summ           #.........   100%        5    #####..
 Excruciating Wounds      Chrm/Necr      #.........   100%        5    #####..
 Metabolic Englaciation   Hex/Ice        ##........   100%        5    #####..
 Silence                  Hex/Air        ##........   100%        5    #####..
 Summon Forest            Summ/Tloc      ###.......   100%        5    #####..
 Summon Mana Viper        Hex/Summ       ##......     100%        5    #####..
 Death Channel            Necr           #.........   100%        6    ######.
 Eringya's Noxious Bog    Tmut/Pois      ###.......   100%        6    ######.
 Freezing Cloud           Conj/Ice/Air   ###.......   100%        6    ######.
 Invisibility             Hex            ##......     100%        6    ######.
 Ozocubu's Refrigeration  Ice            #.........   100%        6    ######.
 Simulacrum               Ice/Necr       #.........   100%        6    ######.
 Starburst                Conj/Fire      ###.......   100%        6    ######.
 Dragon Form              Tmut           #####.....   100%        7    #######
 Malign Gateway           Summ/Tloc      ###.......   100%        7    #######
 Monstrous Menagerie      Summ           #.........   100%        7    #######
 Orb of Destruction       Conj           #####.....   100%        7    #######
 Ring of Flames           Chrm/Fire      #.........   100%        7    #######
 Spellforged Servitor     Conj/Summ      ###.......   100%        7    #######
 Summon Greater Demon     Summ           #.........   100%        7    #######
 Summon Hydra             Summ           #.........   100%        7    #######
 Disjunction              Tloc           ####......   100%        8    #######
 Ignition                 Fire           #.........   100%        8    #######
 Summon Horrible Things   Summ           #.........   100%        8    #######
 Dragon's Call            Summ           #.........   100%        9    #######
 Shatter                  Erth           #####.....   100%        9    #######


Dungeon Overview and Level Annotations

Branches:
Dungeon (15/15)            Temple (1/1) D:7            Lair (6/6) D:8
 Shoals (4/4) Lair:2        Snake (4/4) Lair:2        Slime (5/5) Lair:6
    Orc (2/2) D:9             Elf (3/3) Orc:2        Vaults (5/5) D:14
  Crypt (3/3) Vaults:2       Tomb (0/3) Crypt:3      Depths (5/5) D:15
    Zot (5/5) Depths:5      IceCv (visited)         Gauntlet (visited)

Altars:
Cheibriados
Elyvilon
Fedhas
Kikubaaqudgha
Nemelex Xobeh
Okawaru
Qazlal
Ru
Sif Muna
Trog
Uskayaw
Wu Jian
Yredelemnul
Zin
The Shining One
Beogh
Jiyva

Shops:
D:4 *(*   D:6 =   Orc:2 [=![   Shoals:1 ((=(?   Shoals:3 ?   Shoals:4 (
Snake:2 =}=   Vaults:2 **!   Vaults:5 (   Depths:1 *=:   Depths:5 **

Portals:
Hell: Depths:1 Depths:2 Depths:3 Depths:4 Depths:5
Abyss: Depths:1 Depths:4 Depths:5
Pandemonium: Depths:3
Ziggurat: Depths:1

Annotations:
Lair:4 Urug
Crypt:2 2 transporters, exclusion: orange crystal statue


Innate Abilities, Weirdness & Mutations

You can walk on water.
You have a pair of small antennae on your head.
You have sharp fingernails.
You are partially covered in rugged brown scales. (AC +1, +3% HP)
You are resistant to hostile enchantments. (MR+)
You are weak. (Str -2)


Message History

Your orc priest is recalled.
Your orc wizard is recalled.
Use which ability? (? or * to list)
Aiming: Smiting
Press: ? - help, Dir - move target cursor, f/p - soul eater Smite: a soul eater (heavily wounded)
You smite the soul eater!
You kill the soul eater!
Beogh accepts your kill.
Your orc wizard is recalled.
Your orc knight is recalled.
Your orc warrior is recalled.
Your orc sorcerer is recalled.
Your orc knight yells, "Run!
I'll cover you!"
Your orc warrior is recalled.
Your orc priest is recalled.
Your orc warrior is recalled.
Your orc is recalled.
Your orc priest is recalled.
Your orc is recalled. x2
You finish recalling your allies.
You swap places.
You swap places.
There is a staircase leading out of the dungeon here.
You have escaped!

....................#
....................#
..#####...#######...# ..# #...#
#...# ..# #...# #...###
.)#####...# #...#.## ##
..........#######oo.#..## #.
.............oooooo.#...# ######.
#####........ooo@ooo#...# #......
# #...####.ooooooo#...# #...... #
#...# #..o##ooo#...# #......
#####...####...##oo.#...# #......
....................#..####......
....................#...##.......
##.##################............
#.......######.........##......#
#...###......#.........##......#


You could see the friendly Saint Roka (strong), 2 friendly orc knights, the
friendly Blodwig the orc knight (strong), the friendly Borgoth the orc knight, a
friendly orc high priest (strong), 4 friendly orc sorcerers, the friendly Learuk
the orc sorcerer (strong), the friendly Morun the orc sorcerer (strong), 4
friendly orc warriors, the friendly Arkwar the orc warrior (strong), 5 friendly
orc priests, 2 friendly orc wizards and 3 friendly orcs.

Vanquished Creatures
  the Royal Jelly (Slime:5)
  Mara (Shoals:4)
  5 orbs of fire
  8 ancient liches
  3 juggernauts
  9 Killer Klowns
  Margery (Crypt:1)
  3 curse toes
  Xtahua (Vaults:4)
  12 golden dragons
  3 caustic shrikes
  Nikola (Elf:2)
  The ghost of Leufen the Warrior, an adept DgCj (Depths:2)
  Jory (Vaults:4)
  A bone dragon (Elf:3)
  A Brimstone Fiend (Depths:3)
  13 liches
  2 electric golems (Zot:5)
  16 tentacled monstrosities
  Jorgrun (Elf:2)
  A Hell Sentinel (Abyss:4)
  8 titans
  29 Orb Guardians
  2 deep elf master archers (Elf:3)
  3 quicksilver dragons
  22 acid blobs
  A deep elf blademaster (Elf:3)
  An Executioner (Depths:2)
  12 death cobs
  5 sphinxes
  5 ancient champions
  Gastronok (Lair:2)
  Polyphemus (Shoals:3)
  5 tentacled starspawn
  The ghost of Meoqees the Peltast, an adept MiFi of Okawaru (Shoals:1)
  Roxanne (Snake:3)
  A kraken (Shoals:2)
  12 shadow dragons
  Ilsuiw (Shoals:3)
  5 tengu reavers
  17 storm dragons
  2 revenants (Crypt:2)
  9 draconian monks
  10 nagarajas
  6 draconian knights
  18 fire giants
  7 azure jellies
  4 deep elf sorcerers
  19 vault wardens
  5 draconian scorchers
  14 frost giants
  Louise (Snake:4)
  2 ghost moths
  3 iron dragons
  4 draconian shifters
  18 orc warlords
  A balrug (D:12)
  4 draconian stormcallers
  21 ironheart preservers
  10 ghouls
  Aizul (Snake:4)
  A curse skull (Crypt:3)
  8 draconian annihilators
  A cacodemon (D:12)
  26 very ugly things
  5 spriggan defenders
  2 war gargoyles (Vaults:5)
  6 deep elf elementalists
  A caustic shrike zombie (Depths:2)
  26 stone giants
  3 entropy weavers
  A juggernaut skeleton (Crypt:3)
  11 vampire knights
  5 grey draconians (Zot:2)
  6 purple draconians
  17 deep elf annihilators
  A lorocyproca (D:3)
  6 green draconians
  8 deep elf demonologists
  A dire elephant (shapeshifter) (Vaults:5)
  8 black draconians
  2 minotaurs
  9 red draconians
  7 spark wasps
  7 white draconians
  9 yellow draconians
  7 eidola
  15 ettins
  10 merfolk javelineers
  9 deep elf death magi
  4 jiangshi
  A mummy priest (Crypt:1)
  7 merfolk impalers
  4 death oozes
  39 vault guards
  10 deep elf high priests
  8 fire dragons
  18 yaktaur captains
  14 great orbs of eyes
  3 hydras
  13 ice dragons
  16 naga warriors
  10 anacondas
  9 rakshasas
  Harold (D:11)
  8 centaur warriors
  4 merfolk avatars
  An alligator snapping turtle (Shoals:4)
  A quicksilver dragon skeleton (Crypt:3)
  A hell beast (D:9)
  4 satyrs (Shoals:3)
  6 death knights
  8 merfolk aquamancers
  5 spriggan air magi
  31 dancing weapons
  A catoblepas (Shoals:3)
  9 tengu warriors
  32 two-headed ogres
  9 deep troll earth magi
  8 deep troll shamans
  3 death yaks
  A thrashing horror (Abyss:4)
  10 ogre magi
  Urug (Lair:4)
  11 vampire magi
  11 naga sharpshooters
  3 shock serpents
  19 deep elf knights
  4 orc high priests
  7 spriggan berserkers
  3 sun demons (D:12)
  3 salamander mystics
  A sixfirhy (D:12)
  2 soul eaters
  9 hell knights
  4 wretched stars
  2 spatial maelstroms (Abyss:4)
  A storm dragon skeleton (Crypt:3)
  33 skeletal warriors
  20 deep trolls
  2 iron trolls (Depths:5)
  A swamp dragon (shapeshifter) (Depths:2)
  2 unseen horrors
  2 gelid demonspawn
  5 glowing orange brains
  4 shadow wraiths
  5 flayed ghosts
  6 wizards
  An entropy weaver zombie (Vaults:1)
  2 shadow demons
  17 starcursed masses (Abyss:4)
  33 harpies
  22 sea snakes
  A lindwurm (Orc:2)
  15 ironbrand convokers
  A sphinx zombie (Crypt:1)
  A tengu zombie (Vaults:3)
  12 naga ritualists
  5 necromancers
  A shadow dragon zombie (Crypt:1)
  22 deep elf archers
  9 orc knights
  18 phantasmal warriors
  5 wolf spiders
  A fire giant zombie (Crypt:3)
  33 fauns
  A stone giant zombie (Depths:2)
  17 mana vipers
  8 shining eyes
  69 deep elf magi
  8 orc sorcerers
  6 draconians
  2 sphinx skeletons
  51 ugly things
  14 manticores
  8 salamanders
  2 worldbinders (Abyss:4)
  8 cyclopes
  2 apocalypse crabs
  12 guardian serpents
  17 moths of wrath
  An elephant (Shoals:3)
  13 merfolk sirens
  2 ice statues (IceCv)
  2 frost giant skeletons
  An eye of devastation (shapeshifter) (Depths:5)
  5 water nymphs
  2 stone giant skeletons (Crypt:3)
  14 vault sentinels
  6 human skeletons (Vaults:2)
  Joseph (D:9)
  13 large abominations
  A smoke demon (Abyss:2)
  A torpor snail (Gauntlet)
  52 black mambas
  3 centaur zombies (D:14)
  11 spiny frogs
  9 naga magi
  4 eyes of devastation
  A grey draconian zombie (Crypt:2)
  An orange demon (D:12)
  A rime drake (D:14)
  2 gargoyles
  A redback zombie (D:13)
  4 komodo dragons
  2 kobold demonologists (Crypt:1)
  67 yaktaurs
  7 freezing wraiths
  A demonic crawler (Abyss:4)
  2 hellwings (Zot:3)
  A guardian mummy (Crypt:3)
  2 tengu conjurers
  An entropy weaver simulacrum (Vaults:1)
  2 pale draconian skeletons (Crypt:1)
  2 ancient zymes (Abyss:4)
  A jumping spider (shapeshifter) (Depths:1)
  3 meliai (Shoals:3)
  16 trolls
  2 ice devils
  A yaktaur skeleton (Vaults:2)
  2 jumping spiders
  A wolf spider simulacrum (Crypt:3)
  A meliai (shapeshifter) (Vaults:4)
  3 wind drakes
  A tyrant leech (Lair:6)
  11 hornets
  2 polar bears (D:14)
  36 merfolk
  A red draconian skeleton (Crypt:2)
  11 blink frogs
  59 slime creatures
  7 raiju (Abyss:4)
  A moth of wrath zombie (Crypt:3)
  3 bog bodies
  2 hippogriffs (shapeshifter)
  A frost giant simulacrum (Depths:2)
  2 human simulacra
  2 raiju (shapeshifter)
  10 snapping turtles
  29 dream sheep
  2 dream sheep (shapeshifter)
  8 hippogriffs
  An ice dragon zombie (Crypt:1)
  2 spriggan zombies
  An alligator skeleton (Crypt:3)
  3 air elementals
  A vampire (D:9)
  15 humans
  A tarantella (shapeshifter) (Depths:3)
  5 wraiths
  23 yaks
  A spriggan (shapeshifter) (Depths:4)
  A tarantella (Vaults:1)
  A human (shapeshifter) (Vaults:3)
  A redback (shapeshifter) (Vaults:5)
  14 redbacks
  7 spriggans
  2 fire elementals
  3 fire bats (Depths:2)
  15 water elementals
  A wyvern (D:13)
  6 golden eyes
  A basilisk (Lair:1)
  2 neqoxecs
  A basilisk (shapeshifter) (Vaults:5)
  2 chaos spawn
  A hungry ghost (D:12)
  2 vampire mosquitoes (Lair:6)
  Edmund (D:5)
  20 wargs
  A swamp worm (Snake:4)
  2 spatial vortices (Abyss:4)
  A wind drake skeleton (Crypt:2)
  42 nagas
  3 soldier ants
  13 water moccasins
  6 floating eyes
  8 porcupines
  A gelid demonspawn skeleton (Crypt:2)
  Duvessa (D:5)
  A hornet zombie (Vaults:1)
  64 orc warriors
  4 sky beasts
  A sky beast (shapeshifter) (Vaults:2)
  A spiny frog skeleton (Crypt:3)
  An ice beast (shapeshifter) (Vaults:2)
  A black bear (shapeshifter) (Vaults:4)
  A black bear (D:13)
  2 eyes of draining (shapeshifter)
  The ghost of Rayvis the Covered, an amateur MiFi (D:3)
  5 necrophages
  12 ice beasts
  20 boggarts
  9 eyes of draining
  44 ogres
  An orc skeleton (Vaults:2)
  22 wolves
  8 crocodiles
  2 elf skeletons
  2 phantoms
  23 centaurs
  4 small abominations
  2 big kobolds
  A komodo dragon zombie (Crypt:1)
  13 bullfrogs
  A hippogriff skeleton (Crypt:2)
  An earth elemental (Abyss:4)
  A deep troll simulacrum (Vaults:3)
  Dowan (D:5)
  A water moccasin skeleton (Crypt:2)
  5 scorpions
  A polar bear zombie (Crypt:1)
  A warg skeleton (Crypt:2)
  A troll zombie (Crypt:3)
  A howler monkey (shapeshifter) (Vaults:5)
  3 howler monkeys
  2 lava snakes (D:11)
  13 crimson imps
  A quasit (Abyss:4)
  A jelly (shapeshifter) (Vaults:5)
  20 orc priests
  2 bullfrog zombies
  4 hounds
  3 bullfrog skeletons
  4 jellies
  5 iguanas
  19 orc wizards
  A porcupine zombie (Crypt:2)
  2 centaur skeletons
  9 worker ants
  A hell rat (Lair:6)
  A dwarf zombie (Crypt:3)
  A sky beast zombie (Crypt:3)
  A hound zombie (D:5)
  11 mummies (Crypt:3)
  A howler monkey skeleton (D:4)
  A worker ant zombie (D:6)
  17 adders
  9 gnolls
  2 river rats (Lair:6)
  A shadow imp (D:14)
  3 white imps
  An ooze (Lair:6)
  2 adder zombies (D:5)
  An adder skeleton (Crypt:3)
  3 worms
  2 dart slugs (D:2)
  9 leopard geckos
  115 orcs
  12 bats
  2 giant cockroaches
  6 goblins
  7 hobgoblins
  8 jackals
  7 kobolds
  A quokka (shapeshifter) (Vaults:5)
  8 quokkas
  2 ball pythons
  4 frilled lizards
  A giant cockroach zombie (D:5)
  2 jackal skeletons
  A jackal zombie (D:5)
  2 leopard gecko skeletons
  13 rats
  3 crawling corpses
  2 demonic plants (Gauntlet)
  3 fire vortices (D:11)
  7 fungi
  13 plants
  A starspawn tentacle (Abyss:4)
  3 tentacles (Shoals:2)
2785 creatures vanquished.

Vanquished Creatures (collateral kills)
  An ancient lich (Zot:5)
  A quicksilver dragon (Zot:4)
  3 acid blobs (Slime:5)
  A death cob (Zot:5)
  A red draconian (Zot:4)
  A deep elf death mage (Crypt:2)
  A merfolk impaler (Shoals:4)
  A great orb of eyes (Slime:4)
  4 hydras
  A naga warrior (Snake:3)
  An anaconda (Snake:4)
  3 two-headed ogres
  2 centaur warriors
  A deep troll shaman (Depths:5)
  3 death yaks (Lair:5)
  An orc high priest (Orc:2)
  A naga sharpshooter (Snake:3)
  8 skeletal warriors
  A wretched star (Abyss:4)
  An unseen horror (D:13)
  A phantasmal warrior (Crypt:1)
  A lindwurm (Lair:6)
  2 necromancers (D:14)
  A wizard (D:14)
  A deep elf mage (Crypt:1)
  A draconian (Zot:2)
  A mana viper (Snake:4)
  2 oklob plants (Lair:3)
  A cyclops (D:13)
  2 ugly things (D:15)
  A merfolk siren (Shoals:4)
  A guardian serpent (Snake:4)
  2 naga magi
  6 black mambas
  A gargoyle (D:13)
  18 spiny frogs
  2 rime drakes
  A small abomination (Crypt:2)
  7 komodo dragons
  A yaktaur (D:14)
  An efreet (Abyss:3)
  An ancient zyme (Abyss:4)
  A troll (D:15)
  4 merfolk (Shoals:4)
  A jumping spider (shapeshifter) (D:14)
  2 tyrant leeches (Lair:6)
  11 blink frogs
  9 dream sheep
  A snapping turtle (Shoals:4)
  8 slime creatures
  3 hippogriffs
  2 redbacks
  11 yaks
  2 wraiths (Crypt:2)
  A shadow (Abyss:4)
  A wyvern (Lair:5)
  A large abomination (D:14)
  6 humans (D:14)
  3 basilisks
  4 fire bats (D:11)
  7 vampire mosquitoes
  3 nagas
  A hell hound (D:11)
  2 porcupines
  2 water moccasins
  13 orc warriors
  17 wolves
  4 ogres
  A boggart (D:15)
  6 crocodiles
  12 bullfrogs
  A water moccasin zombie (D:9)
  2 scorpions
  A howler monkey (D:13)
  An electric eel (Lair:6)
  A bullfrog zombie (D:12)
  A crimson imp (D:12)
  A jelly (Lair:6)
  9 orc priests
  A bullfrog skeleton (D:13)
  2 orc wizards
  An iguana (D:14)
  A mummy (Crypt:3)
  A gnoll (Orc:1)
  5 river rats (Lair:6)
  A white imp (Abyss:3)
  An ooze (Lair:6)
  An adder zombie (D:9)
  20 orcs
  A goblin (D:9)
  A kobold (D:14)
  A rat (Lair:6)
  5 plants
  A starspawn tentacle (Abyss:3)
291 creatures vanquished.

Vanquished Creatures (others)
  An Orb Guardian (Zot:5)
  4 death cobs
  A fire giant (Depths:5)
  A draconian knight (Zot:2)
  2 orc sorcerers
  An orc high priest (Slime:5)
  6 orc knights
  A mana viper (Snake:4)
  An ugly thing (IceCv)
  18 orc warriors
  2 yaks (Lair:6)
  2 nagas
  A centaur (Shoals:2)
  A boggart (Vaults:3)
  An electric eel (Lair:6)
  24 orc priests
  14 orc wizards
  62 orcs
  19 demonic plants (Gauntlet)
  32 fungi
  65 plants
  9 starspawn tentacles
  7 tentacles (Shoals:2)
275 creatures vanquished.

Grand Total: 3351 creatures vanquished

Notes
Turn   | Place    | Note
-------+----------+-------------------------------------------
     0 | D:1      | Ge0ff the Hill Orc Enchanter began the quest for the Orb.
     0 | D:1      | Reached XP level 1. HP: 14/14 MP: 3/3
    83 | D:1      | Reached skill level 1 in Fighting
   591 | D:1      | Reached XP level 2. HP: 19/24 MP: 2/4
   925 | D:1      | Reached skill level 1 in Axes
  1141 | D:2      | Learned a level 2 spell: Ensorcelled Hibernation
  2319 | D:2      | Reached XP level 3. HP: 29/29 MP: 5/5
  2913 | D:2      | Found a glowing golden altar of the Shining One.
  3161 | D:2      | Found a blossoming altar of Fedhas.
  3999 | D:3      | Reached skill level 1 in Ice Magic
  4021 | D:3      | Reached XP level 4. HP: 37/37 MP: 6/6
  4768 | D:3      | Found a runed translucent door.
  4773 | D:3      | Noticed Rayvis's ghost (amateur MiFi)
  5057 | D:3      | Reached XP level 5. HP: 45/45 MP: 7/7
  5660 | D:4      | Found Nomapsu's Antique Weapon Boutique.
  5691 | D:4      | Reached skill level 1 in Armour
  5736 | D:4      | Noticed an ogre
  5781 | D:4      | Found Axaqec's General Store.
  5783 | D:4      | Noticed a phantom
  5865 | D:4      | Killed a phantom
  5865 | D:4      | Reached skill level 5 in Axes
  5929 | D:4      | Found a stormy altar of Qazlal.
  5959 | D:4      | Became a worshipper of Beogh the Brigand
  5992 | D:4      | Reached XP level 6. HP: 52/52 MP: 8/8
  6410 | D:4      | Found a sparkling altar of Nemelex Xobeh.
  6520 | D:4      | Found Zoruli's General Store.
  6523 | D:4      | Bought a +0 war axe for 42 gold pieces
  6569 | D:4      | Got a pair of jewelled boots
  6575 | D:4      | Identified the cursed +0 pair of boots "Ixar" {Int+2} (You
                  | found it on level 4 of the Dungeon)
  6673 | D:3      | Reached XP level 7. HP: 35/60 MP: 9/9
  6747 | D:3      | Reached skill level 5 in Fighting
  6968 | D:5      | Entered Level 5 of the Dungeon
  6977 | D:5      | Identified Sif Muna's Incunabulum of the Lucky Compass
  7060 | D:5      | Found a glowing silver altar of Zin.
  7448 | D:5      | Reached * piety under Beogh
  7597 | D:5      | Noticed Edmund
  7618 | D:5      | Killed Edmund
  7618 | D:5      | Reached XP level 8. HP: 68/68 MP: 10/10
  7678 | D:5      | Noticed Duvessa
  7678 | D:5      | Noticed Dowan
  7699 | D:5      | Killed Duvessa
  7699 | D:5      | Reached skill level 10 in Axes
  7711 | D:5      | Killed Dowan
  8137 | D:5      | Found a bloodstained altar of Trog.
  8772 | D:6      | Reached skill level 1 in Throwing
  8772 | D:6      | Reached XP level 9. HP: 59/74 MP: 11/11
  8914 | D:6      | Reached ** piety under Beogh
  8961 | D:6      | Found Qautaidgh's Jewellery Emporium.
  9857 | D:7      | Found a glowing golden altar of the Shining One.
  9857 | D:7      | Found a sacrificial altar of Ru.
  9857 | D:7      | Found a shimmering blue altar of Sif Muna.
  9858 | D:7      | Found a snail-covered altar of Cheibriados.
  9933 | D:7      | Found a staircase to the Ecumenical Temple.
  9942 | Temple   | Entered the Ecumenical Temple
 10505 | D:8      | Reached skill level 1 in Evocations
 10703 | D:8      | Reached XP level 10. HP: 86/86 MP: 12/12
 10725 | D:8      | Found a staircase to the Lair.
 10819 | D:8      | Reached *** piety under Beogh
 11343 | D:8      | Reached skill level 1 in Shields
 11942 | D:9      | Found a glowing silver altar of Zin.
 11957 | D:9      | Found an iron altar of Okawaru.
 12046 | D:9      | Noticed Joseph
 12097 | D:9      | Killed Joseph
 12397 | D:9      | Found a staircase to the Orcish Mines.
 12514 | D:9      | Reached **** piety under Beogh
 12527 | D:9      | Reached skill level 15 in Axes
 12720 | D:9      | Found the cursed +13 scythe of Curses {drain, *Curse}
 12937 | D:3      | Killed Rayvis's ghost
 13130 | D:10     | Entered Level 10 of the Dungeon
 13145 | D:10     | Noticed a two-headed ogre
 13197 | D:10     | Reached skill level 1 in Invocations
 13226 | D:10     | Found a sparkling altar of Nemelex Xobeh.
 13343 | D:10     | Killed a two-headed ogre
 13343 | D:10     | Reached skill level 2 in Invocations
 13343 | D:10     | Reached XP level 11. HP: 88/95 MP: 14/14
 13457 | D:10     | Got a translucent scale mail
 13505 | D:10     | Noticed a wolf spider
 13512 | D:10     | Killed a wolf spider
 13519 | D:10     | Got a spiked ring mail
 13887 | D:11     | Noticed a red ugly thing
 13895 | D:11     | Killed a red ugly thing
 13895 | D:11     | Reached skill level 5 in Evocations
 14006 | D:11     | Noticed Sonja
 14007 | D:11     | Noticed Sonja
 14007 | D:11     | Sonja changed into Sonja the naga
 14023 | D:10     | Killed an unseen horror
 14025 | D:10     | Reached skill level 3 in Invocations
 14638 | D:11     | Noticed Harold
 14666 | D:11     | Killed Harold
 14666 | D:11     | Reached skill level 5 in Armour
 14689 | D:11     | Gained Olfrun as an ally
 14702 | D:11     | Killed Sonja the naga
 14702 | D:11     | Reached ***** piety under Beogh
 14901 | D:11     | Reached skill level 4 in Invocations
 15117 | D:11     | Got a fading spear
 15191 | D:12     | Found a white marble altar of Elyvilon.
 15254 | D:12     | Noticed a purple ugly thing
 15263 | D:12     | Killed a purple ugly thing
 15363 | D:12     | Got an ebony falchion
 15850 | D:12     | Noticed a manticore
 15863 | D:12     | Killed a manticore
 16116 | D:12     | Identified the cursed +0 ring mail of Omauwk {Harm rPois
                  | Str+2 Slay-4} (You found it on level 10 of the Dungeon)
 16128 | D:12     | Identified the +5 scale mail "Qotos" {rPois Regen+ MP+9
                  | Str-3} (You found it on level 10 of the Dungeon)
 16221 | Lair:1   | Entered Level 1 of the Lair of Beasts
 16264 | Lair:1   | Reached XP level 12. HP: 106/106 MP: 16/16
 16285 | Lair:1   | Reached skill level 5 in Invocations
 16571 | Lair:1   | Gained Bogwald as an ally
 16575 | Lair:1   | Identified the cursed +0 spear "Zionn" {flame, rF+ rC+
                  | Int+3} (You found it on level 11 of the Dungeon)
 16672 | Lair:1   | Reached skill level 10 in Fighting
 16676 | Lair:1   | Reached skill level 5 in Shields
 17216 | Lair:2   | Your ally Bogwald died
 17466 | Lair:2   | Found a staircase to the Snake Pit.
 17480 | Lair:2   | Reached skill level 6 in Invocations
 18041 | Lair:2   | Found a staircase to the Shoals.
 18056 | Lair:2   | Noticed Gastronok
 18062 | Lair:2   | Killed Gastronok
 18511 | Lair:3   | Reached skill level 7 in Invocations
 18786 | Lair:3   | Reached XP level 13. HP: 90/114 MP: 18/18
 19853 | Lair:4   | Gained Wulfoc as an ally
 19869 | Lair:4   | Your ally Wulfoc died
 19932 | Lair:4   | Reached skill level 8 in Invocations
 20499 | Lair:4   | Noticed Urug
 20510 | Lair:4   | Your ally died
 21285 | Lair:5   | Gained Arkwar as an ally
 21288 | Lair:5   | Identified the cursed +1 falchion of Blood {speed, +Rage
                  | rPois rC- SInv} (You found it on level 12 of the Dungeon)
 22133 | Lair:6   | Entered Level 6 of the Lair of Beasts
 22242 | Lair:6   | Reached skill level 9 in Invocations
 22250 | Lair:6   | Reached ****** piety under Beogh
 22314 | Lair:6   | Reached XP level 14. HP: 115/125 MP: 20/20
 22916 | Lair:6   | Gained Spirok as an ally
 22932 | Lair:6   | Found a staircase to the Slime Pits.
 23384 | Lair:6   | Got an ichor-stained long sword
 23775 | D:13     | Found a sparkling altar of Nemelex Xobeh.
 23898 | D:13     | Found a gate leading to a gauntlet.
 23962 | Gauntlet | Entered a Gauntlet
 23962 | Gauntlet | Found a transporter.
 23986 | Gauntlet | Found a transporter.
 24001 | Gauntlet | Found a transporter.
 24006 | Gauntlet | Found a transporter.
 24019 | Gauntlet | Noticed a dire elephant
 24021 | Gauntlet | Found a transporter.
 24040 | Gauntlet | Found a transporter.
 24052 | Gauntlet | Found a transporter.
 24060 | Gauntlet | Found a large runed translucent door.
 24061 | Gauntlet | Found a large runed translucent door.
 24062 | Gauntlet | Found a large runed translucent door.
 24062 | Gauntlet | Found a large runed translucent door.
 24063 | Gauntlet | Found a runed translucent gate.
 24064 | Gauntlet | Found a transporter.
 24064 | Gauntlet | Found a runed translucent gate.
 24065 | Gauntlet | Found a runed translucent gate.
 24066 | Gauntlet | Found a large runed translucent door.
 24066 | Gauntlet | Found a large runed translucent door.
 24067 | Gauntlet | Found a large runed translucent door.
 24068 | Gauntlet | Found a large runed translucent door.
 24076 | Gauntlet | Found a transporter.
 24078 | Gauntlet | Found a large runed translucent door.
 24078 | Gauntlet | Found a large runed translucent door.
 24078 | Gauntlet | Found a runed translucent door.
 24078 | Gauntlet | Found a runed translucent door.
 24079 | Gauntlet | Found a large runed translucent door.
 24080 | Gauntlet | Found a large runed translucent door.
 24082 | Gauntlet | Found a transporter.
 24082 | Gauntlet | Found a transporter.
 24097 | Gauntlet | Found a transporter.
 24103 | Gauntlet | Found a transporter.
 24142 | Gauntlet | Found a transporter.
 24167 | Gauntlet | Found a transporter.
 24169 | Gauntlet | Found a transporter.
 24189 | Gauntlet | Found a transporter.
 24267 | Gauntlet | Found a transporter.
 24283 | Gauntlet | Found a large runed translucent door.
 24283 | Gauntlet | Found a large runed translucent door.
 24284 | Gauntlet | Found a large runed translucent door.
 24285 | Gauntlet | Found a large runed translucent door.
 24392 | Gauntlet | Reached skill level 10 in Invocations
 24632 | Gauntlet | Identified the cursed +1 fire dragon scales of Halar {rF++
                  | rC- Regen+}
 24654 | Gauntlet | Got a jade-encrusted scale mail
 24656 | Gauntlet | Identified the Catalogue of Necromancy and Aid
 24657 | Gauntlet | Found the +2 robe of Vines {NoPotionHeal Regen+7}
 24659 | Gauntlet | Identified the +7 long sword "Fiulif" {distort, +Fly rElec
                  | rC- MR-} (You found it on level 6 of the Lair of Beasts)
 24671 | Gauntlet | Got a shimmering trident
 24706 | Gauntlet | Identified Fuweloem's Disquisition on Protection
 25615 | D:13     | Identified the cursed +0 scale mail "Gubram" {*Drain +Fly
                  | rF- SInv} (You found it in a Gauntlet)
 25798 | D:14     | Found a frozen archway.
 25882 | IceCv    | Entered an ice cave
 25950 | IceCv    | Found a transporter.
 25998 | IceCv    | Found a transporter.
 26150 | D:14     | Reached skill level 10 in Armour
 26391 | D:14     | Cast into level 2 of the Abyss (a wizard)
 26391 | Abyss:2  | Found a sparkling altar of Nemelex Xobeh.
 26414 | Abyss:2  | Found a corrupted altar of Lugonu.
 26440 | Abyss:2  | Reached XP level 15. HP: 55/134 MP: 15/23
 26465 | D:14     | Escaped the Abyss
 26623 | D:14     | Reached skill level 11 in Invocations
 26883 | D:14     | Found a gate to the Vaults.
 27197 | D:14     | Reached skill level 10 in Evocations
 27205 | D:14     | Reached skill level 10 in Shields
 27632 | D:15     | Entered Level 15 of the Dungeon
 27761 | D:15     | Found an ornate altar of the Wu Jian Council.
 27929 | D:15     | Found a staircase to the Depths.
 28474 | D:15     | Identified a scroll of acquirement
 28616 | D:15     | Found a sacrificial altar of Ru.
 28921 | Orc:1    | Entered Level 1 of the Orcish Mines
 29089 | Orc:1    | Found a roughly hewn altar of Beogh.
 29212 | Orc:2    | Entered Level 2 of the Orcish Mines
 29516 | Orc:2    | Reached skill level 12 in Invocations
 29674 | Orc:2    | Found Ubiqing's Antique Armour Boutique.
 29738 | Orc:2    | Bought an embroidered cloak for 232 gold pieces
 29760 | Orc:2    | Found a roughly hewn altar of Beogh.
 29889 | Orc:2    | Found Aghulokk's Distillery.
 29914 | Orc:2    | Bought a potion of berserk rage for 70 gold pieces
 29914 | Orc:2    | Bought a potion of flight for 42 gold pieces
 30326 | Orc:2    | Gained Geork as an ally
 30330 | Orc:2    | Found a staircase to the Elven Halls.
 30577 | Orc:2    | Noticed an orc warlord
 30578 | Orc:2    | Noticed Nessos
 30582 | Orc:2    | Noticed Nessos
 30582 | Orc:2    | Nessos changed into Nessos the lindwurm
 30596 | Orc:2    | Killed Nessos the lindwurm
 30597 | Orc:2    | Killed an orc warlord
 30601 | Orc:2    | Found Ebyil's Antique Armour Shop.
 30655 | Orc:2    | Found a roughly hewn altar of Beogh.
 30735 | Orc:2    | Found Juaduut's Jewellery Shoppe.
 31052 | Snake:1  | Entered Level 1 of the Snake Pit
 31432 | Snake:1  | Reached XP level 16. HP: 140/145 MP: 22/25
 32295 | Snake:1  | Gained Rocco as an ally
 32809 | Snake:1  | Gained Gorm as an ally
 33522 | Snake:2  | Reached skill level 13 in Invocations
 33808 | Snake:2  | Found Qosob's Jewellery Shop.
 33810 | Snake:2  | Found Toarph's Gadget Emporium.
 33811 | Snake:2  | Found Eguog's Jewellery Shop.
 34627 | Snake:3  | Noticed a nagaraja
 34635 | Snake:3  | Killed a nagaraja
 34711 | Snake:3  | Reached skill level 5 in Dodging
 34944 | Snake:3  | Identified Roxanne's Volume of Clay
 34944 | Snake:3  | Noticed Roxanne
 34982 | Snake:3  | Killed Roxanne
 35353 | Snake:3  | Reached XP level 17. HP: 126/154 MP: 22/27
 35873 | Snake:4  | Entered Level 4 of the Snake Pit
 36305 | Snake:4  | Noticed Louise
 36320 | Snake:4  | Killed Louise
 36645 | Snake:4  | Gained Okrist as an ally
 36775 | Snake:4  | Noticed Aizul
 36787 | Snake:4  | Killed Aizul
 37088 | Snake:4  | Your ally Okrist died
 37290 | Snake:4  | Reached skill level 15 in Fighting
 37549 | Snake:4  | Reached skill level 14 in Invocations
 38478 | Snake:4  | Reached XP level 18. HP: 128/163 MP: 24/28
 38819 | Snake:4  | Got a serpentine rune of Zot
 39167 | Shoals:1 | Entered Level 1 of the Shoals
 39238 | Shoals:1 | Found Xoqeceec's Jewellery Emporium.
 39268 | Shoals:1 | Bought an uncursed ring of protection from cold for 250
                  | gold pieces
 39306 | Shoals:1 | Reached skill level 5 in Throwing
 39762 | Shoals:1 | Found a large runed translucent door.
 39762 | Shoals:1 | Found a large runed translucent door.
 39766 | Shoals:1 | Noticed Meoqees's ghost (adept MiFi)
 39856 | Shoals:1 | Found Xaozui's Weapon Shoppe.
 40326 | Shoals:1 | Found Yschinouce's Magic Scroll Shoppe.
 40328 | Shoals:1 | Found Apatiqut's Antique Weapon Boutique.
 40337 | Shoals:1 | Bought a runed broad axe for 308 gold pieces
 40434 | Shoals:1 | Found Ripayd's Antique Weapon Shop.
 40739 | Shoals:1 | Killed Meoqees's ghost
 40757 | Shoals:1 | Got a fine ring mail
 41682 | Shoals:2 | Reached skill level 15 in Invocations
 42318 | Shoals:3 | Noticed Ilsuiw
 42323 | Shoals:3 | Killed Ilsuiw
 42835 | Shoals:3 | Reached XP level 19. HP: 133/172 MP: 25/30
 42975 | Shoals:3 | Found Ipil Nyr's Magic Scroll Boutique.
 43026 | Shoals:3 | Reached skill level 15 in Shields
 43091 | Shoals:3 | Bought a scroll of holy word for 150 gold pieces
 43376 | Shoals:3 | Noticed Polyphemus
 43668 | Shoals:3 | Found a hide-covered altar of Uskayaw.
 44101 | Shoals:3 | Learned a level 2 spell: Passwall
 44104 | Shoals:3 | Learned a level 2 spell: Blink
 44110 | Shoals:3 | Learned a level 5 spell: Irradiate
 44570 | Shoals:3 | Killed Polyphemus
 44818 | Shoals:4 | Entered Level 4 of the Shoals
 44921 | Shoals:4 | Got a barnacled rune of Zot
 45045 | Shoals:4 | Found Bicowukk's Weapon Boutique.
 45313 | Shoals:4 | Gained Agrik as an ally
 45313 | Shoals:4 | Gained Brunolf as an ally
 45454 | Shoals:4 | Noticed Mara
 45457 | Shoals:4 | Your ally Agrik died
 45469 | Shoals:4 | Gained Olfrun as an ally
 45478 | Shoals:4 | Your ally Brunolf died
 45482 | Shoals:4 | Your ally Olfrun died
 46452 | Shoals:4 | Noticed Ge0ff's illusion
 46456 | Shoals:4 | Killed Mara
 46456 | Shoals:4 | Reached skill level 16 in Invocations
 47174 | Shoals:4 | Gained Syrus as an ally
 47256 | Shoals:4 | Your ally Syrus died
 47731 | D:14     | Reached XP level 20. HP: 183/187 MP: 30/32
 47980 | Elf:1    | Entered Level 1 of the Elven Halls
 48599 | Elf:1    | Found a portal to a secret trove of treasure.
 48791 | Elf:1    | Gained Wulfoc as an ally
 48816 | Elf:1    | Your ally Wulfoc died
 48849 | Elf:1    | Found an ancient bone altar of Kikubaaqudgha.
 49228 | Elf:2    | Gained Gorg as an ally
 49363 | Elf:2    | Found a runed translucent gate.
 49365 | Elf:2    | Found a runed translucent gate.
 49366 | Elf:2    | Found a runed translucent gate.
 50144 | Elf:2    | Noticed Nikola
 50172 | Elf:2    | Killed Nikola
 50714 | Elf:2    | Noticed Jorgrun
 50736 | Elf:2    | Killed Jorgrun
 50855 | Elf:2    | Gained Rocco as an ally
 51065 | Elf:3    | Entered Level 3 of the Elven Halls
 51157 | Elf:3    | Got a pitted great sword
 51573 | Elf:3    | Reached skill level 15 in Armour
 51888 | Elf:3    | Identified the ring "Pobeuhyr" {rF+ rN++ Int-5 Slay+2
                  | Stlth+}
 52449 | Elf:3    | Reached skill level 17 in Invocations
 52449 | Elf:3    | Cast into level 4 of the Abyss (deep elf death mage)
 52582 | Abyss:4  | Gained Marbaugh as an ally
 52583 | Abyss:4  | Reached XP level 21. HP: 108/138 MP: 21/33
 52591 | Abyss:4  | Gained Brunolf as an ally
 52618 | Abyss:4  | Got an abyssal rune of Zot
 52755 | Elf:3    | Escaped the Abyss
 53120 | Elf:3    | Cast into level 2 of the Abyss (deep elf death mage)
 53166 | Elf:3    | Escaped the Abyss
 53718 | Elf:3    | Got a scorched scale mail
 53745 | Elf:3    | Got a fading ring mail
 53858 | Elf:3    | Cast into level 3 of the Abyss (a deep elf sorcerer)
 53938 | Abyss:3  | Gained Brandogh as an ally
 53957 | Abyss:4  | Found a corrupted altar of Lugonu.
 54160 | Abyss:4  | Reached skill level 10 in Dodging
 54281 | Abyss:4  | Noticed a bone dragon
 54297 | Elf:3    | Escaped the Abyss
 54322 | Elf:3    | Killed a bone dragon
 55102 | Elf:3    | Identified the Grimoire of Twisted Battle Magic
 55105 | Elf:3    | Identified Vubbik's Reference Book on Icy Calling
 55109 | Elf:3    | Got a bloodstained falchion
 55120 | Elf:3    | Identified Mnoleg's Grimoire of Slavery
 55128 | Elf:3    | Got a warped copper ring
 55129 | Elf:3    | Identified the cursed ring "Turen" {rN+ AC-4 Dex+4} (You
                  | found it on level 3 of the Elven Halls)
 55890 | Vaults:1 | Entered Level 1 of the Vaults
 55891 | Vaults:1 | Fell from the grace of Beogh
 56584 | Vaults:1 | Reached XP level 22. HP: 199/209 MP: 31/34
 58456 | Vaults:2 | Found Xiviz's General Store.
 58462 | Vaults:2 | Bought a potion of curing for 63 gold pieces
 59274 | Vaults:2 | Found Lemmoug's Distillery.
 59568 | Vaults:2 | Bought a potion of haste for 160 gold pieces
 59714 | Vaults:2 | Found a staircase to the Crypt.
 59808 | Vaults:2 | Found Fucsov's Assorted Antiques.
 59816 | Vaults:2 | Bought a potion of heal wounds for 125 gold pieces
 59816 | Vaults:2 | Bought a jewelled bone wand for 100 gold pieces
 59816 | Vaults:2 | Bought a crooked glass wand for 100 gold pieces
 59816 | Vaults:2 | Bought a scroll of identify for 50 gold pieces
 59928 | Vaults:2 | Reached skill level 15 in Evocations
 60871 | Vaults:3 | Reached skill level 1 in Conjurations
 60874 | Vaults:3 | Reached skill level 1 in Earth Magic
 61322 | Vaults:3 | Reached skill level 1 in Translocations
 61531 | Vaults:3 | Reached skill level 1 in Transmutations
 61531 | Vaults:3 | Reached XP level 23. HP: 209/220 MP: 32/35
 63667 | Vaults:4 | Noticed Xtahua
 63672 | Vaults:4 | Killed Xtahua
 63936 | Vaults:4 | Noticed Jory
 64053 | Vaults:4 | Killed Jory
 65714 | Elf:1    | You paid a toll of +4 fire dragon scales to enter a
                  | treasure trove
 65715 | Trove    | Entered a treasure trove
 65746 | Trove    | Got an ancient plate armour
 65747 | Trove    | Identified the +2 plate armour "Guveakk" {rElec SInv} (You
                  | found it in a treasure trove)
 66215 | Vaults:5 | Entered Level 5 of the Vaults
 66270 | Vaults:5 | Noticed an ancient lich
 66283 | Vaults:5 | Reached XP level 24. HP: 148/228 MP: 25/35
 66358 | Vaults:5 | Was forgiven by Beogh
 66826 | Vaults:5 | Reached skill level 5 in Earth Magic
 66949 | Vaults:5 | Reached skill level 5 in Conjurations
 67810 | Vaults:5 | Identified the +4 ring mail of Olloh {+Blink rC++}
 68332 | Vaults:5 | Reached skill level 5 in Translocations
 68338 | Vaults:5 | Reached skill level 5 in Spellcasting
 68493 | Vaults:5 | Identified the +3 falchion of the Forsaken Friars {flame,
                  | rN+}
 69774 | Vaults:5 | Reached XP level 25. HP: 237/237 MP: 35/35
 69783 | Vaults:5 | Reached skill level 5 in Transmutations
 69891 | Vaults:5 | Killed an ancient lich
 70345 | Orc:1    | Became a worshipper of Beogh the Brigand
 70615 | Vaults:5 | Identified the +7 eveningstar of Luytuf {holy, rC+ rN+
                  | Dex+6}
 71357 | Vaults:5 | Got a silver rune of Zot
 71383 | Vaults:5 | Got a distressingly furry scale mail
 71395 | Vaults:5 | Identified Hipp's Catalogue of Fiery Augmentations
 71460 | Vaults:5 | Found Osusuo's Weapon Shoppe.
 71464 | Vaults:5 | Identified the Guide on Snow and Attacks
 71493 | Vaults:5 | Identified Nuera Soch's Handbook of Summoning
 71605 | Vaults:5 | Reached skill level 18 in Invocations
 72207 | Depths:1 | Entered Level 1 of the Depths
 72368 | Depths:1 | Found a gateway to Hell.
 72371 | Depths:1 | Found a gateway to a ziggurat.
 72372 | Depths:1 | Noticed an ancient lich
 72653 | Depths:1 | Found a sparkling altar of Nemelex Xobeh.
 72917 | Depths:1 | Found Luewnu's Book Emporium.
 73229 | Depths:1 | Found a basalt altar of Yredelemnul.
 73546 | Depths:1 | Found Gicip's Jewellery Shop.
 73569 | Depths:1 | Found Plog's Serpentskin Sales.
 73583 | Depths:1 | Bought 6 curare-tipped darts for 79 gold pieces
 73645 | Depths:1 | Found a one-way gate to the infinite horrors of the Abyss.
 73957 | Depths:2 | Paralysed by a great orb of eyes for 7 turns
 75178 | Depths:1 | Killed an ancient lich
 75286 | Depths:2 | Reached XP level 26. HP: 245/247 MP: 35/36
 75482 | Depths:2 | Found a runed translucent door.
 75487 | Depths:2 | Found a runed translucent door.
 75497 | Depths:2 | Reached skill level 19 in Invocations
 75989 | Depths:2 | Found a runed translucent door.
 76185 | Depths:2 | Noticed Leufen's ghost (adept DgCj)
 76196 | Depths:2 | Killed Leufen's ghost
 77121 | Depths:3 | Found a one-way gate leading to the halls of Pandemonium.
 77512 | Depths:3 | Noticed a juggernaut
 77529 | Depths:3 | Killed a juggernaut
 77924 | Depths:3 | Noticed a juggernaut
 77932 | Depths:3 | Killed a juggernaut
 78014 | Depths:3 | Reached skill level 20 in Invocations
 78446 | Depths:3 | Identified the Collected Works on Companions and Evil
 78575 | Depths:3 | Got the ring "Zoczayga" {rF+ AC+4 Int+3}
 79062 | Depths:4 | Reached XP level 27. HP: 248/256 MP: 36/37
 79685 | Depths:5 | Entered Level 5 of the Depths
 79910 | Depths:5 | Noticed a juggernaut
 79923 | Depths:5 | Killed a juggernaut
 80124 | Depths:5 | Identified the ring of Liberty {*Tele Dex+3}
 80342 | Depths:5 | Found Dis Ytuz's Assorted Antiques.
 80356 | Depths:5 | Bought a potion of mutation for 344 gold pieces
 80356 | Depths:5 | Bought a wand of iceblast (9) for 172 gold pieces
 80356 | Depths:5 | Bought a potion of berserk rage for 215 gold pieces
 80469 | Depths:5 | Found the ring of the Octopus King
 80473 | Depths:5 | Gained Arbeogh as an ally
 80483 | Depths:5 | Gained Morun as an ally
 80500 | Depths:5 | Identified a ring of the Octopus King {rN+ AC+1 EV+1 Str+1
                  | Int+1 Dex+1} (You found it on level 5 of the Depths)
 80721 | Depths:5 | Found Qentyec's Assorted Antiques.
 80735 | Depths:5 | Bought a scroll of magic mapping for 154 gold pieces
 80735 | Depths:5 | Bought a wand of acid (3) for 352 gold pieces
 80761 | Depths:5 | Your ally Arbeogh died
 80796 | Depths:5 | Identified the cursed ring "Tyfi" {MP+9 Str-4 SInv} (You
                  | found it on level 5 of the Depths)
 81153 | Depths:5 | Found a gate to the Realm of Zot.
 81360 | Depths:5 | Cast into level 4 of the Abyss (a lich)
 81365 | Depths:5 | Escaped the Abyss
 81454 | Depths:5 | Reached skill level 10 in Conjurations
 81782 | Depths:4 | Reached skill level 10 in Earth Magic
 81784 | Depths:4 | Identified the ring of the Dreams {rElec rN+ Stlth-}
 82005 | Depths:4 | Reached skill level 21 in Invocations
 82594 | D:6      | Bought an uncursed ring of resist corrosion for 260 gold
                  | pieces
 82797 | Slime:1  | Entered Level 1 of the Pits of Slime
 83118 | Slime:1  | Gained mutation: You occasionally shout uncontrollably at
                  | your foes. [a shining eye]
 83707 | Slime:3  | Gained mutation: You are weak. (Str -2) [a shining eye]
 83981 | Slime:5  | Entered Level 5 of the Pits of Slime
 84003 | Slime:5  | Gained Borgoth as an ally
 84615 | Slime:5  | Found a viscous altar of Jiyva.
 84755 | Slime:5  | Noticed the Royal Jelly
 84779 | Slime:5  | Killed the Royal Jelly
 84819 | Slime:5  | Got a slimy rune of Zot
 84842 | Slime:5  | Got a warped broad axe
 84843 | Slime:5  | Identified the cursed +1 broad axe "Guecif" {freeze, rElec
                  | MR+} (You found it on level 5 of the Pits of Slime)
 84922 | Slime:5  | Learned a level 1 spell: Apportation
 85310 | Orc:2    | Bought a potion of might for 56 gold pieces
 85310 | Orc:2    | Bought a potion of invisibility for 112 gold pieces
 85310 | Orc:2    | Bought a potion of curing for 42 gold pieces
 85310 | Orc:2    | Bought a potion of mutation for 112 gold pieces
 85310 | Orc:2    | Bought a potion of might for 56 gold pieces
 85310 | Orc:2    | Bought a potion of ambrosia for 112 gold pieces
 85310 | Orc:2    | Bought a potion of curing for 42 gold pieces
 85316 | Orc:2    | Found Ubiqing's Antique Armour Boutique.
 85316 | Orc:2    | Found a roughly hewn altar of Beogh.
 85657 | Orc:2    | Found a staircase to the Elven Halls.
 85797 | Orc:2    | Found Juaduut's Jewellery Shoppe.
 85845 | Orc:2    | Found a roughly hewn altar of Beogh.
 85862 | Orc:2    | Found Ebyil's Antique Armour Shop.
 86280 | D:4      | Bought a wand of acid (10) for 392 gold pieces
 86280 | D:4      | Bought a potion of haste for 140 gold pieces
 86280 | D:4      | Bought a scroll of enchant armour for 105 gold pieces
 86336 | D:4      | Bought a phantom mirror for 360 gold pieces
 86550 | Snake:2  | Bought a wand of acid (9) for 338 gold pieces
 86550 | Snake:2  | Bought a wand of paralysis (7) for 117 gold pieces
 86665 | Shoals:3 | Bought a scroll of enchant armour for 150 gold pieces
 86665 | Shoals:3 | Bought 3 scrolls of enchant armour for 450 gold pieces
 86665 | Shoals:3 | Bought a scroll of blinking for 150 gold pieces
 86665 | Shoals:3 | Bought a scroll of teleportation for 60 gold pieces
 86665 | Shoals:3 | Bought a scroll of teleportation for 60 gold pieces
 86665 | Shoals:3 | Bought a scroll of immolation for 70 gold pieces
 86705 | Shoals:1 | Bought a scroll of teleportation for 51 gold pieces
 86705 | Shoals:1 | Bought a scroll of teleportation for 51 gold pieces
 86938 | Vaults:2 | Bought a potion of magic for 128 gold pieces
 86938 | Vaults:2 | Bought a potion of curing for 48 gold pieces
 86938 | Vaults:2 | Bought a potion of might for 64 gold pieces
 86938 | Vaults:2 | Bought a potion of mutation for 128 gold pieces
 86938 | Vaults:2 | Bought a potion of magic for 128 gold pieces
 86938 | Vaults:2 | Bought a potion of curing for 48 gold pieces
 86990 | Crypt:1  | Entered Level 1 of the Crypt
 87104 | Crypt:1  | Noticed Saint Roka
 87384 | Crypt:1  | Found a shimmering blue altar of Sif Muna.
 87432 | Crypt:1  | Identified the Guide on the Escort
 87813 | Crypt:1  | Noticed Margery
 87823 | Crypt:1  | Killed Margery
 88173 | Crypt:2  | Found a transporter.
 88237 | Crypt:2  | Found a transporter.
 88453 | Crypt:2  | Gained Agrik as an ally
 88630 | Crypt:2  | Reached skill level 22 in Invocations
 88630 | Crypt:2  | Gained Blodwig as an ally
 88642 | Crypt:2  | Your ally Agrik died
 88823 | Crypt:2  | Identified the Volume of Bewitching Enhancements
 89185 | Crypt:3  | Entered Level 3 of the Crypt
 89488 | Crypt:3  | Found the +7 sceptre of Torment {pain, torment}
 89489 | Crypt:3  | Found the cursed necklace of Bloodlust {*Rage +Rage MR++
                  | Int-3 Slay+6 *Curse}
 89555 | Crypt:3  | Gained Agrik as an ally
 89712 | Crypt:3  | Found a staircase to the Tomb.
 89728 | Crypt:3  | Your ally Agrik died
 89740 | Crypt:3  | Gained Learuk as an ally
 90720 | Crypt:3  | Noticed an ancient lich
 90724 | Crypt:3  | Killed an ancient lich
 90803 | Crypt:3  | Noticed an ancient lich
 90806 | Crypt:3  | Killed an ancient lich
 90806 | Crypt:3  | Reached skill level 10 in Spellcasting
 90913 | Crypt:3  | Got a scorched copper ring
 90913 | Crypt:3  | Got a shimmering granite ring
 90913 | Crypt:3  | Got a pitted tin ring
 90914 | Crypt:3  | Identified the ring of Paros {rF+ rC- rN+ Int+2} (You found
                  | it on level 3 of the Crypt)
 90916 | Crypt:3  | Identified the ring of Keshrauv {rElec rPois rN+ Str+2
                  | Dex-4} (You found it on level 3 of the Crypt)
 90917 | Crypt:3  | Identified the ring of Lafueng {rN+ Int+3} (You found it on
                  | level 3 of the Crypt)
 91847 | Zot:1    | Entered Level 1 of the Realm of Zot
 93054 | Zot:2    | Reached skill level 10 in Translocations
 93752 | Zot:2    | Gained Gorg as an ally
 93795 | Zot:2    | Your ally Gorg died
 93988 | Zot:2    | Got an opalescent robe
 94371 | Zot:2    | Reached skill level 10 in Transmutations
 94951 | Zot:2    | Reached skill level 23 in Invocations
 95878 | Zot:3    | Noticed an orb of fire
 95883 | Zot:3    | Killed an orb of fire
 97429 | Zot:5    | Entered Level 5 of the Realm of Zot
 98307 | Zot:4    | Reached skill level 24 in Invocations
 99018 | Zot:4    | Gained Arkwar as an ally
 99857 | Zot:5    | Noticed an ancient lich
 99875 | Zot:5    | Paralysed by an ancient lich for 4 turns
 99884 | Zot:5    | Killed an ancient lich
 99884 | Zot:5    | Reached skill level 25 in Invocations
100018 | Zot:5    | Noticed an ancient lich
100030 | Zot:5    | Killed an ancient lich
100450 | Zot:5    | Noticed an orb of fire
100467 | Zot:5    | Killed an orb of fire
100468 | Zot:5    | Noticed an orb of fire
100495 | Zot:5    | Gained mutation: Your magical capacity is low. (-10% MP)
                  | [an orb of fire]
100498 | Zot:5    | Killed an orb of fire
100502 | Zot:5    | Noticed an orb of fire
100508 | Zot:5    | Gained mutation: You are frail. (-10% HP) [an orb of fire]
100521 | Zot:5    | Killed an orb of fire
100705 | Zot:5    | Noticed an orb of fire
100707 | Zot:5    | Lost mutation: You are frail. (-10% HP) [an orb of fire]
100710 | Zot:5    | Killed an orb of fire
100834 | Zot:5    | Noticed an ancient lich
101005 | Zot:5    | Killed an ancient lich
101009 | Zot:5    | Lost mutation: You occasionally shout uncontrollably at
                  | your foes. [potion of mutation]
101009 | Zot:5    | Lost mutation: You are weak. (Str -2) [potion of mutation]
101009 | Zot:5    | Gained mutation: You are resistant to hostile enchantments.
                  | (MR+) [potion of mutation]
101009 | Zot:5    | Gained mutation: You have sharp fingernails. [potion of
                  | mutation]
101009 | Zot:5    | Gained mutation: Armour fits poorly on your strangely
                  | shaped body. [potion of mutation]
101009 | Zot:5    | Gained mutation: You have a pair of small antennae on your
                  | head. [potion of mutation]
101010 | Zot:5    | Lost mutation: Your magical capacity is low. (-10% MP)
                  | [potion of mutation]
101010 | Zot:5    | Lost mutation: Armour fits poorly on your strangely shaped
                  | body. [potion of mutation]
101010 | Zot:5    | Gained mutation: You are weak. (Str -2) [potion of
                  | mutation]
101010 | Zot:5    | Gained mutation: You are partially covered in rugged brown
                  | scales. (AC +1, +3% HP) [potion of mutation]
101456 | Zot:5    | Reached skill level 26 in Invocations
101459 | Zot:5    | Noticed an ancient lich
101476 | Zot:5    | Killed an ancient lich
101580 | Zot:5    | Noticed an ancient lich
101594 | Zot:5    | Killed an ancient lich
102682 | Zot:5    | Got the Orb of Zot
103087 | Depths:2 | Noticed Naiv the pandemonium lord
103467 | D:2      | Noticed Fyolon the pandemonium lord
103521 | D:$      | Escaped with the Orb!

Illustrated notes

Levels and vault maps discovered:
D:1:      dpeg_arrival_boxorama, layout_rooms
D:2:      layout_basic, lemuel_doored_altar, nicolae_tso_carved_into_rock
D:3:      layout_basic, first_ration, ebering_ghost_reflecting_pool,
          minmay_pentomino_pile
D:4:      layout_basic, grunt_qazlal_clouds, serial_shops,
          nicolae_shop_behind_doors, shop, kennysheep_mini, chequers_jeans,
          nemelex_spade_bored_becter
D:5:      layout_loops_corners, lemuel_crystal_altar, basic_altar,
          minmay_misc_feat_diagonals, nzn_random_ring, uniq_edmund, uniq_duvessa
D:6:      layout_basic, serial_shops,
          nicolae_shop_temple_entry_statues_fountains
D:7:      layout_loops_ring, grunt_temple_overflow_open, temple_fountains
D:8:      layout_basic, dpeg_oklobed_lair, minmay_ruffians
D:9:      layout_rooms, kennysheep_okawaru_gauntlet, orc_0_dummy, basic_altar,
          grunt_decor_cap, hangedman_pestilent_swarm,
          chequers_serial_rivers_micro_e, uniq_joseph
D:10:     layout_rooms, basic_altar, kennysheep_just_a_vault
D:11:     layout_big_octagon, hangedman_incinerator, uniq_sonja, uniq_harold
D:12:     layout_roguey [special_room_orc], basic_altar
D:13:     layout_stronghold, basic_altar, gauntlet_entry_generic,
          minmay_misc_feat_square
D:14:     layout_irregular_city, grunt_vaults_entry_tiered,
          portal_ice_cave_entry_animals_and_master, minmay_crystal_room,
          serial_rivers, chequers_serial_rivers_marsh,
          chequers_serial_rivers_room_b, chequers_serial_rivers_small_a,
          chequers_serial_rivers_marsh, solitary_fountain,
          lightli_corner_chamber
D:15:     grunt_enter_depths_hoard, layout_long_grid, basic_altar,
          nicolae_ru_path_of_blood
Temple:   minmay_temple_curvy_branch
Lair:1:   layout_misc_corridors
Lair:2:   layout_long_grid, minmay_shoals_entry_centaurs,
          minmay_snake_entry_six_corridors, grunt_forest_stairs_basic,
          uniq_gastronok
Lair:3:   layout_hall_layers, chequers_serial_rivers_marsh,
          infiniplex_staircase_pool_2, minmay_lair_oklob_chamber
Lair:4:   layout_cave_pods, chequers_serial_rivers_micro_a,
          grunt_forest_large_clearings, uniq_urug
Lair:5:   layout_cave_pods, lemuel_fruit_fields, lemuel_fruit_tree
Lair:6:   minmay_lair_end_frog_pond, layout_loops_ring,
          nicolae_slime_entry_slimehenge, kennysheep_abandoned_house
Shoals:1: layout_shoals, ebering_ghost_disaster_area, serial_shops, shop,
          nicolae_shop_waterfront, nicolae_shop_behind_doors, shop_fountains,
          nicolae_shop_waterfront, nicolae_shoals_arrival_archipelago
Shoals:2: layout_shoals
Shoals:3: layout_shoals, serial_shops, shop, regret_index_shoals_crete,
          uniq_ilsuiw, uniq_polyphemus
Shoals:4: shoals_end_simple, layout_shoals, shoals_ilsuiw_alternative,
          serial_shops, shop, nicolae_shoals_circle_sea_wall, uniq_mara
Snake:1:  layout_rooms, nicolae_snake_shapes
Snake:2:  layout_onion, nrook_guardian_serpent_ordinary, minmay_shop_grove
Snake:3:  layout_basic, uniq_roxanne
Snake:4:  grunt_snake_rune_pools, layout_cave_town, grunt_megastairs_2,
          uniq_louise, uniq_aizul
Slime:1:  layout_caves, cheibrodos_slime_lost_civilization_5
Slime:2:  layout_caves
Slime:3:  layout_caves, uniq_dissolution
Slime:4:  layout_caves
Slime:5
Orc:1:    layout_caves, basic_altar
Orc:2:    pubby_orc_utopia, uniq_nessos
Elf:1:    layout_gridlike, basic_altar, nicolae_trove_entry_free_sample,
          kennysheep_underground_church
Elf:2:    layout_geoelf_diagonals, minivault_16, minmay_misc_feat_pillars,
          nicolae_elf_stone_circles, st_stairs_3, drop_trap, uniq_jorgrun,
          uniq_nikola
Elf:3:    minmay_elf_hall_hex, layout_loops_corners
Vaults:1: v_misc_30, nicolae_vaults_little_squares_5, v_misc_18,
          nicolae_vaults_theta, ontoclasm_vaults_idyll,
          hangedman_vaults_river_flow, vaults_dpeg_ring,
          nicolae_vaults_what_the_h, nicolae_vaults_little_squares_3,
          ontoclasm_vaults_chip, nicolae_vaults_little_squares_6,
          vaults_mumra_chevron_long, layout_vaults_maze_snakey
Vaults:2: nicolae_vaults_network_s, minmay_crypt_entry_skeletal_spiral,
          vaults_dpeg_doors, v_misc_18, ontoclasm_vaults_pinch, v_misc_13,
          ontoclasm_vaults_idyll, st_octagons_2, vaults_room_semicircle,
          vaults_standard_mumra_enter_the_diamond, layout_vaults_omnibox,
          serial_shops, nicolae_shop_crystal, shop, shop
Vaults:3: v_misc_1, v_pattern_4, v_rooms_3, nicolae_vaults_alarming, v_misc_2,
          st_lattice, v_misc_17, layout_vaults_omnigrid
Vaults:4: v_rooms_2, nicolae_vaults_twisting_passages, ontoclasm_vaults_idyll,
          v_misc_3, v_misc_29, v_misc_29, v_pattern_5, vaults_dpeg_encased_lava,
          ontoclasm_vaults_decontamination, nicolae_vaults_meeting,
          nicolae_vaults_little_squares_4, nicolae_vaults_little_squares_3,
          layout_vaults_omnicross, uniq_jory, uniq_xtahua
Vaults:5
Crypt:1:  layout_gridlike, hangedman_summoners_spam, grunt_crypt_arrival_split,
          uniq_saint_roka, uniq_margery
Crypt:2:  gammafunk_sealed_arena, layout_gridlike
Crypt:3:  david_glass_crypt, layout_rooms,
          nicolae_tomb_entry_unfolded_pyramid_diagonal, grunt_ministairs_15
Depths:1: layout_small_grid, enter_ziggurat_c, abyss_entry_crystal,
          minmay_crystal_water, serial_shops, nicolae_shop_behind_doors,
          nicolae_shop_waterfront, hell_entry, minmay_liquid_box,
          grunt_decor_clamped, corexii_corridor_pit,
          chequers_serial_rivers_large_b, dk_noncrumbling_4,
          hangedman_feature_mirror, kennysheep_minor_cross,
          minmay_misc_feat_hallway, guppyfry_shop_venom
Depths:2: minmay_expanding_circles, layout_cave_shapes, hell_entry,
          ebering_ghost_reflecting_pool, hangedman_abyss_or_decor_stagger,
          kennysheep_generic_room_9, kennysheep_random_hallway,
          grunt_megastairs_3
Depths:3: evilmike_diamond_2, layout_basic, nrook_mini_backslash, pan_entry,
          grunt_hell_entry_dis_old, kennysheep_inner_square
Depths:4: evilmike_inaccessible_box, layout_cave_pools,
          pf_vacation_house_of_asmodeus, nicolae_abyss_entry_one_way_or_another,
          kennysheep_potato, infiniplex_staircase_zigzag_3
Depths:5: hangedman_spin_cycle, hell_entry, abyss_entry
Zot:1:    layout_basic
Zot:2:    ebering_greatest_show_in_zot, layout_twisted_circle
Zot:3:    layout_basic
Zot:4:    kennysheep_blocky_hall, layout_twisted_circle
Zot:5:    layout_basic

Skill      XL: |  1  2  3  4  5  6  7  8  9 10 11 12 13 14 15 16 17 18 19 20 21 22 23 24 25 26 27 |
---------------+----------------------------------------------------------------------------------+-----
Fighting       | 1 2 3 4 5 7 8 9 10 11 12 13 14 15 16 17 19 20 21 22 24 | 24.0
Axes           | 1 2 3 5 6 9 12 14 15 16 17 18 19 20 21 22 24 | 24.0
Ice Magic      | 1 |  1.0
Armour         | 1 3 4 5 7 8 10 11 12 13 14 15 16 17 18 20 | 20.6
Throwing       | 1 2 4 6 |  6.0
Evocations     | 1 4 5 7 8 9 10 11 12 13 14 15 | 15.8
Shields        | 3 4 6 8 9 10 12 13 14 15 | 15.0
Dodging        | 2 3 4 5 6 7 8 9 10 11 12 | 12.7
Invocations    | 2 4 7 9 10 12 13 14 15 16 17 18 20 26 | 26.5
Stealth        | 3 |  3.0
Conjurations   | 1 4 6 8 9 13 | 13.1
Earth Magic    | 1 4 6 8 9 12 | 12.0
Translocations | 1 3 5 6 7 10 | 10.0
Spellcasting   | 2 4 5 6 7 12 | 12.6
Transmutations | 1 3 4 6 7 12 | 12.2
Short Blades   | |  1.0
Hexes          | |  3.0

Action                   |  1- 3 |  4- 6 |  7- 9 | 10-12 | 13-15 | 16-18 | 19-21 | 22-24 | 25-27 || total
-------------------------+-------+-------+-------+-------+-------+-------+-------+-------+-------++-------
Melee: Dagger            |   112 |       |       |       |       |       |       |       |       ||   112
       Hand axe          |    47 |   200 |       |       |       |       |       |       |       ||   247
       War axe           |       |    15 |   448 |   846 |   818 |       |       |       |       ||  2127
       Flail             |       |       |       |       |    21 |       |       |       |       ||    21
       Broad axe         |       |       |       |       |   339 |  1191 |  1298 |  1786 |  3390 ||  8004
Throw: Stone             |    35 |    87 |   109 |    26 |       |       |       |       |       ||   257
       Boomerang         |       |     5 |    10 |   103 |    28 |   202 |   118 |   191 |   593 ||  1250
       Javelin           |       |       |     9 |       |       |       |       |       |       ||     9
       Dart              |       |       |     4 |    25 |     6 |       |     4 |     7 |    10 ||    56
       Throwing net      |       |       |       |       |       |       |     1 |       |    10 ||    11
 Cast: Corona            |    12 |       |       |       |       |       |       |       |       ||    12
       Ensorcelled Hiber |    21 |     1 |       |       |       |       |       |       |       ||    22
       Blink             |       |       |       |       |       |       |       |       |    17 ||    17
       Passwall          |       |       |       |       |       |       |       |       |    12 ||    12
       Apportation       |       |       |       |       |       |       |       |       |     2 ||     2
Invok: Convert to Beogh  |       |     1 |       |       |       |       |       |       |       ||     1
       Recall Orcish Fol |       |       |       |     4 |     4 |     1 |     2 |       |     6 ||    17
       Give Item to Name |       |       |       |     2 |     3 |     1 |     3 |       |     4 ||    13
       Smiting           |       |       |       |     5 |    17 |    16 |    46 |       |    83 ||   167
       Stop Recall       |       |       |       |       |     2 |     1 |     2 |       |     1 ||     6
       Resurrection      |       |       |       |       |       |     1 |       |       |       ||     1
       Renounce Religion |       |       |       |       |       |       |     1 |       |       ||     1
 Abil: Stop Flying       |       |       |       |       |       |       |       |     1 |       ||     1
Evoke: Wand              |       |       |       |    36 |    11 |    16 |    11 |    16 |    28 ||   118
       Tin of tremorston |       |       |       |     3 |     4 |    12 |    22 |    18 |    26 ||    85
       Phial of floods   |       |       |       |       |     1 |       |     4 |     1 |     2 ||     8
       Phantom mirror    |       |       |       |       |       |       |       |       |     2 ||     2
  Use: Scroll            |     3 |     2 |     5 |    11 |    18 |     5 |    11 |    10 |    33 ||    98
       Potion            |     2 |     2 |     1 |       |     3 |       |     8 |     3 |    20 ||    39
 Stab: Sleeping          |    10 |       |       |       |       |       |       |       |       ||    10
       Paralysed         |       |       |       |    22 |     4 |       |     4 |     3 |    10 ||    43
       Distracted        |       |       |       |     4 |    13 |       |     4 |       |     9 ||    30
       Confused          |       |       |       |     2 |       |     2 |       |       |       ||     4
       Petrified         |       |       |       |       |       |       |     8 |       |       ||     8
       Petrifying        |       |       |       |       |       |       |     2 |       |       ||     2
       Held in net/web   |       |       |       |       |       |       |       |       |     7 ||     7
  Eat: Chunk             |     9 |     8 |    11 |    21 |    28 |    15 |    24 |    27 |    44 ||   187
       Ration            |     1 |       |     1 |     2 |     4 |     6 |     6 |     5 |    20 ||    45
Armor: Robe              |    22 |     3 |       |       |       |       |       |       |       ||    25
       Ring mail         |       |    59 |       |       |       |       |       |       |       ||    59
       Chain mail        |       |    29 |   260 |   218 |       |       |       |       |       ||   507
       Plate armour      |       |       |       |   217 |   426 |   403 |   457 |   621 |   894 ||  3018
       Gold dragon scale |       |       |       |       |       |       |       |       |   669 ||   669
Dodge: Dodged            |    85 |   102 |    85 |   163 |   428 |   413 |   292 |   431 |   811 ||  2810
Block: Buckler           |       |       |       |    24 |       |       |       |       |       ||    24
       Kite shield       |       |       |       |   135 |   624 |   738 |   633 |   861 |  1913 ||  4904

Levels and vault maps discovered:
D:1:      dpeg_arrival_boxorama, layout_rooms
D:2:      layout_basic, lemuel_doored_altar, nicolae_tso_carved_into_rock
D:3:      layout_basic, first_ration, ebering_ghost_reflecting_pool,
          minmay_pentomino_pile
D:4:      layout_basic, grunt_qazlal_clouds, serial_shops,
          nicolae_shop_behind_doors, shop, kennysheep_mini, chequers_jeans,
          nemelex_spade_bored_becter
D:5:      layout_loops_corners, lemuel_crystal_altar, basic_altar,
          minmay_misc_feat_diagonals, nzn_random_ring, uniq_edmund, uniq_duvessa
D:6:      layout_basic, serial_shops,
          nicolae_shop_temple_entry_statues_fountains
D:7:      layout_loops_ring, grunt_temple_overflow_open, temple_fountains
D:8:      layout_basic, dpeg_oklobed_lair, minmay_ruffians
D:9:      layout_rooms, kennysheep_okawaru_gauntlet, orc_0_dummy, basic_altar,
          grunt_decor_cap, hangedman_pestilent_swarm,
          chequers_serial_rivers_micro_e, uniq_joseph
D:10:     layout_rooms, basic_altar, kennysheep_just_a_vault
D:11:     layout_big_octagon, hangedman_incinerator, uniq_sonja, uniq_harold
D:12:     layout_roguey [special_room_orc], basic_altar
D:13:     layout_stronghold, basic_altar, gauntlet_entry_generic,
          minmay_misc_feat_square
D:14:     layout_irregular_city, grunt_vaults_entry_tiered,
          portal_ice_cave_entry_animals_and_master, minmay_crystal_room,
          serial_rivers, chequers_serial_rivers_marsh,
          chequers_serial_rivers_room_b, chequers_serial_rivers_small_a,
          chequers_serial_rivers_marsh, solitary_fountain,
          lightli_corner_chamber
D:15:     grunt_enter_depths_hoard, layout_long_grid, basic_altar,
          nicolae_ru_path_of_blood
Temple:   minmay_temple_curvy_branch
Lair:1:   layout_misc_corridors
Lair:2:   layout_long_grid, minmay_shoals_entry_centaurs,
          minmay_snake_entry_six_corridors, grunt_forest_stairs_basic,
          uniq_gastronok
Lair:3:   layout_hall_layers, chequers_serial_rivers_marsh,
          infiniplex_staircase_pool_2, minmay_lair_oklob_chamber
Lair:4:   layout_cave_pods, chequers_serial_rivers_micro_a,
          grunt_forest_large_clearings, uniq_urug
Lair:5:   layout_cave_pods, lemuel_fruit_fields, lemuel_fruit_tree
Lair:6:   minmay_lair_end_frog_pond, layout_loops_ring,
          nicolae_slime_entry_slimehenge, kennysheep_abandoned_house
Shoals:1: layout_shoals, ebering_ghost_disaster_area, serial_shops, shop,
          nicolae_shop_waterfront, nicolae_shop_behind_doors, shop_fountains,
          nicolae_shop_waterfront, nicolae_shoals_arrival_archipelago
Shoals:2: layout_shoals
Shoals:3: layout_shoals, serial_shops, shop, regret_index_shoals_crete,
          uniq_ilsuiw, uniq_polyphemus
Shoals:4: shoals_end_simple, layout_shoals, shoals_ilsuiw_alternative,
          serial_shops, shop, nicolae_shoals_circle_sea_wall, uniq_mara
Snake:1:  layout_rooms, nicolae_snake_shapes
Snake:2:  layout_onion, nrook_guardian_serpent_ordinary, minmay_shop_grove
Snake:3:  layout_basic, uniq_roxanne
Snake:4:  grunt_snake_rune_pools, layout_cave_town, grunt_megastairs_2,
          uniq_louise, uniq_aizul
Slime:1:  layout_caves, cheibrodos_slime_lost_civilization_5
Slime:2:  layout_caves
Slime:3:  layout_caves, uniq_dissolution
Slime:4:  layout_caves
Slime:5
Orc:1:    layout_caves, basic_altar
Orc:2:    pubby_orc_utopia, uniq_nessos
Elf:1:    layout_gridlike, basic_altar, nicolae_trove_entry_free_sample,
          kennysheep_underground_church
Elf:2:    layout_geoelf_diagonals, minivault_16, minmay_misc_feat_pillars,
          nicolae_elf_stone_circles, st_stairs_3, drop_trap, uniq_jorgrun,
          uniq_nikola
Elf:3:    minmay_elf_hall_hex, layout_loops_corners
Vaults:1: v_misc_30, nicolae_vaults_little_squares_5, v_misc_18,
          nicolae_vaults_theta, ontoclasm_vaults_idyll,
          hangedman_vaults_river_flow, vaults_dpeg_ring,
          nicolae_vaults_what_the_h, nicolae_vaults_little_squares_3,
          ontoclasm_vaults_chip, nicolae_vaults_little_squares_6,
          vaults_mumra_chevron_long, layout_vaults_maze_snakey
Vaults:2: nicolae_vaults_network_s, minmay_crypt_entry_skeletal_spiral,
          vaults_dpeg_doors, v_misc_18, ontoclasm_vaults_pinch, v_misc_13,
          ontoclasm_vaults_idyll, st_octagons_2, vaults_room_semicircle,
          vaults_standard_mumra_enter_the_diamond, layout_vaults_omnibox,
          serial_shops, nicolae_shop_crystal, shop, shop
Vaults:3: v_misc_1, v_pattern_4, v_rooms_3, nicolae_vaults_alarming, v_misc_2,
          st_lattice, v_misc_17, layout_vaults_omnigrid
Vaults:4: v_rooms_2, nicolae_vaults_twisting_passages, ontoclasm_vaults_idyll,
          v_misc_3, v_misc_29, v_misc_29, v_pattern_5, vaults_dpeg_encased_lava,
          ontoclasm_vaults_decontamination, nicolae_vaults_meeting,
          nicolae_vaults_little_squares_4, nicolae_vaults_little_squares_3,
          layout_vaults_omnicross, uniq_jory, uniq_xtahua
Vaults:5
Crypt:1:  layout_gridlike, hangedman_summoners_spam, grunt_crypt_arrival_split,
          uniq_saint_roka, uniq_margery
Crypt:2:  gammafunk_sealed_arena, layout_gridlike
Crypt:3:  david_glass_crypt, layout_rooms,
          nicolae_tomb_entry_unfolded_pyramid_diagonal, grunt_ministairs_15
Depths:1: layout_small_grid, enter_ziggurat_c, abyss_entry_crystal,
          minmay_crystal_water, serial_shops, nicolae_shop_behind_doors,
          nicolae_shop_waterfront, hell_entry, minmay_liquid_box,
          grunt_decor_clamped, corexii_corridor_pit,
          chequers_serial_rivers_large_b, dk_noncrumbling_4,
          hangedman_feature_mirror, kennysheep_minor_cross,
          minmay_misc_feat_hallway, guppyfry_shop_venom
Depths:2: minmay_expanding_circles, layout_cave_shapes, hell_entry,
          ebering_ghost_reflecting_pool, hangedman_abyss_or_decor_stagger,
          kennysheep_generic_room_9, kennysheep_random_hallway,
          grunt_megastairs_3
Depths:3: evilmike_diamond_2, layout_basic, nrook_mini_backslash, pan_entry,
          grunt_hell_entry_dis_old, kennysheep_inner_square
Depths:4: evilmike_inaccessible_box, layout_cave_pools,
          pf_vacation_house_of_asmodeus, nicolae_abyss_entry_one_way_or_another,
          kennysheep_potato, infiniplex_staircase_zigzag_3
Depths:5: hangedman_spin_cycle, hell_entry, abyss_entry
Zot:1:    layout_basic
Zot:2:    ebering_greatest_show_in_zot, layout_twisted_circle
Zot:3:    layout_basic
Zot:4:    kennysheep_blocky_hall, layout_twisted_circle
Zot:5:    layout_basic
